 Dungeon Crawl Stone Soup version 0.22.1-2-g9c5b331 (webtiles) character file.

6724 fourfacedrat the Severer (level 10, -1/79 HPs)
             Began as a Minotaur Ice Elementalist on Dec 12, 2018.
             Was a High Priest of Okawaru.
             Splashed by a brown ugly thing's acid (4 damage)
             ... on level 8 of the Dungeon.
             The game lasted 00:16:08 (12569 turns).

fourfacedrat the Severer (MiIE)                    Turns: 12569, Time: 00:16:09

Health: -1/79      AC: 16    Str: 22    XL:     10   Next: 74%
Magic:  11/11      EV:  2    Int: 12    God:    Okawaru [*****.]
Gold:   461        SH: 11    Dex: 11    Spells: 10/11 levels left

rFire    . . .     SeeInvis .   F - +3 war axe (flame)
rCold    . . .     Gourm    .   H - +0 shield
rNeg     . . .     Faith    .   A - +0 crystal plate armour
rPois    .         Spirit   .   (helmet restricted)
rElec    .         Reflect  .   (no cloak)
rCorr    +         Harm     .   e - +1 pair of gloves
MR       .....                  (no boots)
Stlth    ..........             (no amulet)
HPRegen  0.23/turn              i - ring of resist corrosion
MPRegen  0.12/turn              t - +6 ring of strength

@: lethally poisoned (-1 -> -1)
A: retaliatory headbutt, horns 2
a: Heroism, Finesse, Renounce Religion


You were on level 8 of the Dungeon.
You worshipped Okawaru.
Okawaru was extremely pleased with you.
You were not hungry.

You visited 2 branches of the dungeon, and saw 9 of its levels.

You collected 461 gold pieces.

Inventory:

Hand Weapons
 F - a +3 war axe of flaming (weapon)
Missiles
 f - 3 javelins of penetration (quivered)
Armour
 e - a +1 pair of gloves (worn)
 A - a +0 crystal plate armour (worn)
 H - a +0 shield (worn)
Jewellery
 i - a ring of resist corrosion (left hand)
 t - a +6 ring of strength (right hand)
Wands
 m - a wand of flame (20)
 x - a wand of random effects (9)
 I - a wand of polymorph (3)
Scrolls
 a - a scroll of teleportation
 b - a scroll of amnesia
 h - 3 scrolls of fear
 u - 2 scrolls of magic mapping
 v - a scroll of blinking
 y - a scroll of immolation
 B - 3 scrolls of remove curse
 D - a scroll of enchant armour
Potions
 d - 4 potions of heal wounds
 g - 6 potions of curing
 j - a potion of magic
 l - 2 potions of resistance
 o - a potion of invisibility
 s - 3 potions of haste
 w - 2 potions of flight
 z - 2 potions of mutation
Comestibles
 c - 19 rations


   Skills:
 - Level 4.2 Fighting
   Level 2.0 Short Blades
 + Level 15.7 Axes
 - Level 2.1 Dodging
 - Level 1.5 Stealth
 * Level 8.4 Shields
 - Level 2.0 Unarmed Combat
 - Level 1.3 Spellcasting
   Level 0.6 Conjurations
 - Level 2.1 Ice Magic


You had 10 spell levels left.
You knew the following spells:

 Your Spells              Type           Power        Failure   Level  Hunger
a - Freeze                Ice            #...         100%        1    ##.....

Your spell library contained the following spells:

 Spells                   Type           Power        Failure   Level  Hunger
 Corona                   Hex            #......      100%        1    ##.....
 Flame Tongue             Conj/Fire      #....        100%        1    ##.....
 Summon Small Mammal      Summ           #...         100%        1    ##.....
 Call Imp                 Summ           #.......     100%        2    ###....
 Ensorcelled Hibernation  Hex/Ice        #.....       100%        2    ###....
 Throw Frost              Conj/Ice       #.....       100%        2    ###....
 Call Canine Familiar     Summ           #.......     100%        3    ####...
 Confuse                  Hex            #.......     100%        3    ####...
 Dazzling Spray           Conj/Hex       #.....       100%        3    ####...
 Ozocubu's Armour         Chrm/Ice       #.......     100%        3    ####...
 Summon Guardian Golem    Hex/Summ       #.......     100%        3    ####...
 Tukima's Dance           Hex            #.......     100%        3    ####...
 Summon Ice Beast         Ice/Summ       #.......     100%        4    #####..
 Summon Lightning Spire   Summ/Air       #.......     100%        4    #####..
 Throw Icicle             Conj/Ice       #.......     100%        4    #####..
 Bolt of Magma            Conj/Fire/Erth #.........   100%        5    ######.
 Iskenderun's Battlesphe  Conj/Chrm      #.......     100%        5    ######.
 Venom Bolt               Conj/Pois      #.........   100%        5    ######.
 Iron Shot                Conj/Erth      #.........   100%        6    #######
 Orb of Destruction       Conj           #.........   100%        7    #######
 Spellforged Servitor     Conj/Summ      #.........   100%        7    #######
 Ignition                 Fire           #.........   100%        8    #######


Dungeon Overview and Level Annotations

Branches:
Dungeon (8/15)             Temple (1/1) D:4
   Lair: D:8-11

Altars:
Ashenzari
Cheibriados
Fedhas
Gozag
Hepliaklqana
Makhleb
Okawaru
Qazlal
Sif Muna
Vehumet
Wu Jian
Yredelemnul
Zin
The Shining One

Shops:
D:5 =


Innate Abilities, Weirdness & Mutations

You reflexively headbutt those who attack you in melee.
You have a pair of horns on your head.


Message History

You feel sick.
You block the brown ugly thing's attack.
You feel sick.
You feel sick.
Evoke which item? (* to show all) (? for menu, Esc to quit)
Aiming: Random Effects
Press: ? - help, Shift-Dir - straight line, f - brown ugly thing
Aim: a brown ugly thing (moderately wounded)
Okay, then.
Unknown command.
Evoke which item? (* to show all) (? for menu, Esc to quit)
Aiming: Polymorph
Press: ? - help, Shift-Dir - straight line, f - brown ugly thing
Aim: a brown ugly thing (moderately wounded, chance to defeat MR: 28%)
Okay, then.
Unknown command.
You feel sick. The brown ugly thing stings you!
* * * LOW HITPOINT WARNING * * *
You are splashed with acid!
The acid burns!
You resist.
You die...

##.#.##.######.###.##.......
#.#.##.######.#.......#...#
#.#.##......#.#.#.#.#...###
#.#....####.#.#...#...###,.
#.#.##.####.#.###...###,,.#
#.#.#.........#...###.##..#
#.#.#.......##..###u.......
#.#.#....u<....##..##...#..
#........#@..###..##.##....
##..#.##...###.(###.u#**#..
#.......###).#.# #u#.,***#
##....###†.###.# #.###,,**
#..###..###)#.# #.#(##*,,
#..(..###.....# #..$.}#**
#..###..###)#.# #.#$###.,
###### #....###..###.#
#.###..##
.....####......###..#.#
*,*,,****


You could see a brown ugly thing.

Vanquished Creatures
  A two-headed ogre (D:6)
  A skeletal warrior (D:7)
  An ugly thing (D:8)
  A cyclops (D:8)
  A manticore (D:8)
  3 hippogriffs
  A wyvern (D:8)
  Sigmund (D:3)
  Eustachio (D:4)
  A water moccasin (D:8)
  A sky beast (D:8)
  2 orc warriors
  A necrophage (D:8)
  2 ice beasts
  A phantom (D:7)
  6 ogres
  Blork the orc (D:4)
  3 bullfrogs
  A gnoll sergeant (D:6)
  A scorpion (D:6)
  6 killer bees
  5 wights
  A howler monkey (D:4)
  3 crimson imps
  A bullfrog zombie (D:7)
  2 orc priests
  2 centaur skeletons
  A centaur zombie (D:6)
  A gnoll shaman (D:4)
  5 hounds
  3 jellies
  A bullfrog skeleton (D:8)
  3 orc wizards
  5 iguanas
  9 worker ants
  A hound zombie (D:6)
  A worker ant zombie (D:6)
  9 gnolls
  5 adders
  3 shadow imps
  An ooze (D:3)
  An adder skeleton (D:4)
  A worm (D:2)
  6 leopard geckos
  29 orcs
  8 giant cockroaches
  3 goblins
  7 hobgoblins
  4 jackals (D:8)
  6 kobolds
  2 quokkas
  4 bats
  4 frilled lizards (D:2)
  A giant cockroach zombie (D:6)
  A leopard gecko skeleton (D:4)
  2 leopard gecko zombies
  9 rats
187 creatures vanquished.

Notes
Turn   | Place    | Note
-------+----------+-------------------------------------------
     0 | D:1      | fourfacedrat the Minotaur Ice Elementalist began the quest
                  | for the Orb.
     0 | D:1      | Reached XP level 1. HP: 14/14 MP: 1/1
   470 | D:1      | Reached skill level 1 in Fighting
   502 | D:1      | Reached skill level 1 in Unarmed Combat
   550 | D:1      | Reached XP level 2. HP: 23/23 MP: 3/3
  1519 | D:2      | Reached XP level 3. HP: 29/29 MP: 4/4
  1547 | D:2      | Reached skill level 1 in Short Blades
  2330 | D:2      | Reached skill level 1 in Axes
  2522 | D:3      | Found a faded altar of an unknown god.
  2555 | D:3      | Noticed Sigmund
  2570 | D:3      | Killed Sigmund
  2570 | D:3      | Reached skill level 4 in Axes
  2570 | D:3      | Reached XP level 4. HP: 33/36 MP: 5/5
  2570 | D:3      | Reached XP level 5. HP: 37/41 MP: 6/6
  2723 | D:3      | Reached skill level 5 in Axes
  2951 | D:3      | Found an iron altar of Okawaru.
  2985 | D:3      | Became a worshipper of Warmaster Okawaru
  3271 | D:4      | Reached XP level 6. HP: 48/48 MP: 7/7
  3401 | D:4      | Found a staircase to the Ecumenical Temple.
  3497 | D:3      | Reached skill level 6 in Axes
  3930 | D:4      | Reached skill level 7 in Axes
  4198 | D:4      | Noticed Blork the orc
  4203 | D:4      | Reached XP level 7. HP: 31/55 MP: 8/8
  4213 | D:4      | Reached * piety under Okawaru
  4217 | D:4      | Killed Blork the orc
  4217 | D:4      | Reached skill level 8 in Axes
  4235 | Temple   | Entered the Ecumenical Temple
  4934 | D:4      | Reached skill level 9 in Axes
  5192 | D:4      | Noticed Eustachio
  5203 | D:4      | Killed Eustachio
  5203 | D:4      | Reached ** piety under Okawaru
  5203 | D:4      | Reached skill level 10 in Axes
  5203 | D:4      | Reached XP level 8. HP: 41/61 MP: 9/9
  5340 | D:5      | Entered Level 5 of the Dungeon
  5882 | D:5      | Reached skill level 11 in Axes
  6106 | D:5      | Found Micwuem's Jewellery Boutique.
  7380 | D:6      | Noticed a two-headed ogre
  7732 | D:6      | HP: 3/61 [two-headed ogre/giant club (3)]
  7733 | D:6      | Killed a two-headed ogre
  7733 | D:6      | Reached *** piety under Okawaru
  7733 | D:6      | Reached skill level 13 in Axes
  7733 | D:6      | Reached XP level 9. HP: 3/67 MP: 7/10
  8460 | D:6      | Reached skill level 14 in Axes
  9144 | D:7      | Found an iron altar of Okawaru.
  9222 | D:7      | Reached skill level 1 in Shields
  9276 | D:7      | Reached **** piety under Okawaru
 10058 | D:8      | Reached skill level 15 in Axes
 10407 | D:8      | Reached XP level 10. HP: 68/74 MP: 11/11
 10413 | D:8      | Identified the Incunabulum of Supportive Fire
 10766 | D:8      | Reached skill level 5 in Shields
 10766 | D:8      | Noticed a skeletal warrior
 10775 | D:8      | Noticed a cyclops
 11263 | D:7      | Killed a skeletal warrior
 11263 | D:7      | Reached ***** piety under Okawaru
 11282 | D:8      | Killed a cyclops
 12086 | D:8      | Noticed a cyan ugly thing
 12086 | D:8      | Noticed a brown ugly thing
 12355 | D:8      | Noticed a manticore
 12359 | D:8      | Killed a manticore
 12359 | D:8      | Received a gift from Okawaru
 12527 | D:8      | Killed a brown ugly thing
 12569 | D:8      | HP: 3/79 [brown ugly thing (7)]
 12569 | D:8      | Splashed by a brown ugly thing's acid

Skill      XL: |  1  2  3  4  5  6  7  8  9 10 |
---------------+-------------------------------+-----
Fighting       | 1 2 4 |  4.2
Unarmed Combat | 1 2 |  2.0
Short Blades   | 2 |  2.0
Axes           | 4 5 7 10 13 15 | 15.7
Shields        | 4 8 |  8.4
Dodging        | |  2.1
Stealth        | |  1.5
Spellcasting   | |  1.3
Conjurations   | |  0.6
Ice Magic      | |  2.1

Action                   |  1- 3 |  4- 6 |  7- 9 | 10-12 || total
-------------------------+-------+-------+-------+-------++-------
Melee: Unarmed           |    54 |       |       |       ||    54
       Headbutt          |    10 |    16 |    56 |    27 ||   109
       Short sword       |    46 |    38 |       |       ||    84
       Hand axe          |       |    45 |   214 |       ||   259
       Punch             |       |       |     2 |       ||     2
       War axe           |       |       |   151 |   107 ||   258
Invok: Heroism           |       |       |     2 |     1 ||     3
Evoke: Wand              |       |       |     1 |       ||     1
  Use: Scroll            |     2 |     1 |     9 |    11 ||    23
       Potion            |       |       |     2 |     1 ||     3
 Stab: Sleeping          |     1 |       |       |       ||     1
  Eat: Chunk             |     2 |     2 |    15 |     7 ||    26
       Ration            |     1 |     1 |     1 |       ||     3
Armor: Robe              |    21 |       |       |       ||    21
       Chain mail        |     4 |    35 |   153 |    40 ||   232
       Skin              |       |       |    15 |       ||    15
       Crystal plate arm |       |       |       |     9 ||     9
Dodge: Dodged            |    53 |    36 |   122 |    32 ||   243
Block: Shield            |       |       |       |    11 ||    11
